Map: Dusk Towers

Players

HuK - Winner!

  • Race: Protoss Protoss

LiquidMaNa (MaNa)

  • Race: Protoss Protoss

Event: 2016 WCS Winter Circuit Championship

VOD

Have the link to the VOD?

Description

Time

  • Played on: March 3, 2016, 11:28 a.m.
  • Length: 7:52

All games in this series

Show
View Real Time Build Order
Export as new Build Order

HuK Protoss - Winner!

Build Orders: Nexus First 

Get SALT Encoding   

  12  0:00  Probe (Chrono Boost)  
  13  0:11  Probe (Chrono Boost)  
  14  0:17  Pylon  
  14  0:22  Probe (Chrono Boost)  
  15  0:35  Probe (Chrono Boost)  
  16  0:45  Probe (Chrono Boost)  
  17  0:57  Nexus  
  17  1:06  Gateway  
  17  1:11  Probe (Chrono Boost)  
  17  1:14  Assimilator  
  18  1:22  Probe (Chrono Boost)  
  18  1:23  Assimilator  
  20  1:32  Probe (Chrono Boost)  
  20  1:35  Gateway  
  20  1:43  Probe (Chrono Boost)  
  21  1:54  Cybernetics Core  
  21  1:55  Probe (Chrono Boost)  
  22  2:05  Probe (Chrono Boost)  
  23  2:11  Probe (Chrono Boost)  
  24  2:16  Probe (Chrono Boost)  
  24  2:21  Probe (Chrono Boost)  
  26  2:26  Probe (Chrono Boost)  
  26  2:29  Stalker (Chrono Boost)  
  27  2:30  Stalker (Chrono Boost)  
  27  2:31  Warp Gate (Chrono Boost)  
  27  2:34  Probe  
  32  2:42  Pylon  
  32  2:46  Mothership Core  
  34  2:54  Stalker  
  34  2:58  Stalker  
  38  3:07  Gateway  
  38  3:22  Stalker  
  39  3:28  Stalker  
  41  3:34  Gateway  
  33  3:48  Stalker (Chrono Boost)  
  43  3:56  Pylon  
  43  3:58  Pylon  
  43  4:01  Pylon  
  37  4:21  Gateway  
  37  4:22  Stalker  
  37  4:23  Sentry  
  41  4:26  Stalker  
  36  4:48  Stalker x2  
  36  4:51  Probe  
  38  4:56  Sentry  
  38  4:58  Probe  
  40  5:04  Probe  
  41  5:15  Zealot x3  
  41  5:17  Mothership Core  
  41  5:20  Zealot x2  
  45  5:40  Stalker x2  
  45  5:41  Adept  
  43  5:57  Stalker x2  
  43  6:00  Probe x2  
  47  6:07  Stalker  
  47  6:08  Zealot x2  
  44  6:18  Stalker  
  44  6:25  Adept  
  48  6:29  Probe x2  
  50  6:35  Pylon  
  50  6:40  Sentry  
  50  6:45  Probe x2  
  54  6:52  Adept  
  54  6:53  Adept  
  58  7:03  Stalker  
  58  7:09  Probe  
  58  7:10  Probe  
  56  7:18  Stalker x2  
Show
View Real Time Build Order
Export as new Build Order

LiquidMaNa Protoss 

Build Orders:  

Get SALT Encoding   

  12  0:00  Probe (Chrono Boost)  
  13  0:11  Probe (Chrono Boost)  
  14  0:18  Pylon  
  14  0:22  Probe (Chrono Boost)  
  15  0:36  Probe (Chrono Boost)  
  15  0:39  Gateway  
  16  0:47  Probe (Chrono Boost)  
  16  0:48  Assimilator  
  17  0:57  Probe (Chrono Boost)  
  17  1:01  Assimilator  
  18  1:08  Gateway, Probe (Chrono Boost)  
  20  1:18  Probe (Chrono Boost)  
  20  1:25  Cybernetics Core  
  20  1:29  Probe (Chrono Boost)  
  21  1:35  Pylon  
  21  1:39  Probe (Chrono Boost)  
  22  1:46  Pylon  
  22  1:50  Probe (Chrono Boost)  
  23  2:02  Warp Gate (Chrono Boost)  
  23  2:07  Robotics Facility  
  25  2:18  Stalker (Chrono Boost)  
  25  2:23  Stalker (Chrono Boost)  
  27  2:47  Stalker (Chrono Boost)  
  27  2:49  Stalker (Chrono Boost)  
  31  2:56  Immortal (Chrono Boost)  
  35  3:05  Gateway  
  35  3:13  Pylon  
  34  3:30  Immortal (Chrono Boost)  
  36  3:59  Stalker x2  
  36  4:00  Stalker  
  34  4:11  Immortal (Chrono Boost)  
  38  4:22  Adept  
  38  4:23  Adept  
  40  4:37  Adept  
  32  4:47  Immortal (Chrono Boost)  
  36  5:05  Adept x3  
  40  5:22  Immortal (Chrono Boost)  
  38  5:37  Adept x2  
  38  5:42  Adept  
  40  5:57  Stalker x2  
  34  6:14  Immortal (Chrono Boost)  
  34  6:18  Sentry  
  36  6:22  Adept  
  38  6:30  Adept  
  38  6:41  Adept  
  38  6:43  Adept  
  42  6:51  Adept  
  44  7:06  Stalker x2  
Tags
 
Add a new tag
Caveats
  • Supply blocks, unpowered buildings, or Contaminate may cause inaccurate times.
  • Supply counts are checked every 10 seconds.